[Event "*** Titled Tuesday Blitz"]
[Site "Chess.com"]
[Date "2021.04.06"]
[Round "5"]
[White "attack2mateU"]
[Black "grunbergmihai"]
[Result "1/2-1/2"]
[WhiteElo "2690"]
[BlackElo "2477"]
[TimeControl "180+1"]
[EndTime "10:58:31 PDT"]
[Termination "Game drawn - insufficient material"]

1. e4 Nc6 2. Nf3 d5 3. exd5 Qxd5 4. Nc3 Qa5 5. d4 Bg4 6. Bb5 e6 7. h3 Bxf3 8. Qxf3 Ne7 9. Bd2 O-O-O 10. Qxf7 Nxd4 11.
Bd3 Qe5+ 12. Ne4 Nef5 13. O-O Bd6 14. Nxd6+ Qxd6 15. Qh5 g6 16. Qg4 h5 17. Qe4 Qd5 18. Bg5 Qxe4 19. Bxe4 Rd6 20. Rfe1 Nc6 21. Rad1 Rh7 22.
Rxd6 cxd6 23. Bxc6 bxc6 24. Rxe6 Rg7 25. Bf6 Kd7 26.
Bxg7 Kxe6 27. Bc3 d5 28. Kf1 d4 29. Bd2 Kd5 30. Ke2 Nd6 31. b3 c5 32. g4 hxg4 33. hxg4 c4 34. f3 c3 35. Bf4 Nb7 36.
Bg3 Nc5 37. Bh4 Na6 38. Be7 Nc7 39. Kd3 Ne6 40. Ke2 Nf4+ 41. Kd1 d3 42. cxd3 Nxd3 43. Kc2 Ne1+ 44. Kxc3 Nxf3 45. Kb4 Ne5 46. Kb5 Nxg4 47.
Ka6 Ne5 48. Bg5 Nc6 49. a3 Nd4 50. b4 Kc4 51. Kxa7 Nb5+ 52. Kb6 Nxa3 53. Kc6 Kxb4 54. Kd6 Kc4 55. Ke6 Nb5 56. Kf6 Na3 57. Kxg6 1/2-1/2

[Event "*** Titled Tuesday Blitz"]
[Site "Chess.com"]
[Date "2021.04.06"]
[Round "5"]
[White "alejogarcia1999"]
[Black "beto-betun"]
[Result "1-0"]
[WhiteElo "2415"]
[BlackElo "2222"]
[TimeControl "180+1"]
[EndTime "10:58:33 PDT"]
[Termination "alejogarcia1999 won on time"]

1. d4 Nf6 2. c4 g6 3. Nc3 Bg7 4.
e4 d6 5. h3 O-O 6. Be3 c5 7.
d5 a6 8. a4 e6 9. Nf3 exd5 10.
exd5 Re8 11. Bd3 Nbd7 12. O-O Ne5 13. Nxe5 Rxe5 14. Bf4 Re8 15. Qd2 Bf5 16. Bxf5 gxf5 17. Qd3 Qd7 18. Rfe1 Rxe1+ 19. Rxe1 Re8 20. Rxe8+ Nxe8 21.
Qg3 Kf8 22. Qh4 Qe7 23. Qxe7+ Kxe7 24. Kf1 Nf6 25. Ke2 Nd7 26. Bg5+ Ke8 27. Bd2 Ke7 28. b3 Ke8 29. a5 Ke7 30. Na4 Ne5 31. Bc3 Bf6 32.
Nb6 Nd7 33. Nc8+ Kd8 34. Bxf6+ Kxc8 35. Be7 Kc7 36. f4 Nb8 37. Kf3 Kd7 38. Bf6 Ke8 39. Kg3 Nd7 40. Bc3 f6 41. Kh4 Kf7 42. Kh5 Nf8 43. Kh6 Ke7 44. Kg7 h5 45. h4 Ke8 46.
Bxf6 Nd7 47. Bc3 Ke7 48. Kg6 Nf8+ 49. Kxf5 Nh7 50. Kg6 Nf8+ 51. Kxh5 Nd7 52. Kg6 b5 53. axb6 Nxb6 54. h5 a5 55. Bxa5 Nd7 56. Bc3 1-0

[Event "*** Titled Tuesday Blitz"]
[Site "Chess.com"]
[Date "2021.04.06"]
[Round "5"]
[White "mary-sanna"]
[Black "PavelChernomordik"]
[Result "1/2-1/2"]
[WhiteElo "2116"]
[BlackElo "2322"]
[TimeControl "180+1"]
[EndTime "10:58:33 PDT"]
[Termination "Game drawn - insufficient material"]

1. d4 g6 2. e4 Bg7 3. Nc3 d6 4. Bf4 a6 5. Qd2 b5 6. f3 Bb7 7. h4 h6 8. O-O-O Nd7 9. g4 e6 10.
Kb1 Ne7 11. Nh3 Nb6 12. e5 dxe5 13. Bxe5 Bxe5 14. dxe5 Bxf3 15. Qxd8+ Rxd8 16. Rxd8+ Kxd8 17. Rg1 Kc8 18. a4 Nxa4 19. Nxa4 bxa4 20. Bxa6+ Kb8 21.
Bb5 Bc6 22. Bxc6 Nxc6 23. Re1 Rd8 24. Kc1 Rd4 25. Nf2 Rf4 26. Re2 Nxe5 27. Rxe5 Rxf2 28.
Re4 Rh2 29. g5 hxg5 30. hxg5 Rg2 31. Rf4 Rxg5 32. Rxf7 Rf5 33. Rg7 g5 34. Kd2 Kb7 35.
Ke3 Kc6 36. Ke4 Kd6 37. Rg8 Rf2 38. Rxg5 Rxc2 39. Rb5 Rc4+ 40. Kd3 Rh4 41. Rb7 e5 42. Rb5 c5 43. Rb6+ Kd5 44. Rb8 Rb4 45. Rd8+ Kc6 46. Kc3 e4 47. Re8 e3 48. Rxe3 Rb3+ 49. Kd2 Rxe3 50.
Kxe3 Kb5 51. Kd3 Kb4 52. Kc2 c4 53. Kc1 Kb3 54. Kb1 Kb4 55. Kc2 Kc5 56. Kc3 Kd5 57. Kb4 Kd4 58. Kxa4 c3 59. bxc3+ Kxc3 1/2-1/2

[Event "*** Titled Tuesday Blitz"]
[Site "Chess.com"]
[Date "2021.04.06"]
[Round "5"]
[White "MartinHollan"]
[Black "sau6on"]
[Result "1-0"]
[WhiteElo "2545"]
[BlackElo "2364"]
[TimeControl "180+1"]
[EndTime "10:58:36 PDT"]
[Termination "MartinHollan won on time"]

1. e4 c5 2. Nf3 d6 3. d4 cxd4 4. Nxd4 Nf6 5. Nc3 Nc6 6. Bg5 e6 7. Qd3 Qa5 8. Bxf6 gxf6 9. Nb3 Qd8 10. O-O-O a6 11. Kb1 Bd7 12. f4 Qc7 13. g3 h5 14.
Bh3 h4 15. Rde1 O-O-O 16. a3 Kb8 17. g4 Rc8 18. Rd1 b5 19. Nc5 dxc5 20. Qxd7 Nd4 21. Qxc7+ Kxc7 22. Bf1 Bd6 23. f5 h3 24. Rd3 Rh4 25. fxe6 fxe6 26. Rxh3 Rxh3 27. Bxh3 Rh8 28. Bf1 Rxh2 29. Rxh2 Bxh2 30. a4 b4 31. Nd1 a5 32.
Ne3 Nc6 33. Be2 Ne5 34. c3 Bg1 35. Ng2 bxc3 36. bxc3 c4 37. Nf4 Kd6 38. Kc2 Be3 39. Nh5 Bg5 40. Ng3 Kc5 41. Bd1 Nd7 42. Kb1 Nb6 43.
Ne2 Be3 44. Bc2 Kd6 45. Nd4 Ke5 46. Nc6+ Kf4 47. Nxa5 Kxg4 48. Nc6 f5 49. a5 Nc8 50.
exf5 exf5 51. a6 f4 52. Ne5+ Kg3 53. Nxc4 Ba7 54. Nd2 f3 55. Ne4+ Kg2 56. Bd3 f2 57. Nd2 Kg1 58. Kc2 Nd6 59. Kb3 Nf7 60. Be2 Ne5 61.
Ka4 Be3 62. Nf1 Ba7 63. Kb5 Ng4 64. Bd3 1-0

[Event "*** Titled Tuesday Blitz"]
[Site "Chess.com"]
[Date "2021.04.06"]
[Round "5"]
[White "fyall777"]
[Black "Airquake"]
[Result "0-1"]
[WhiteElo "2445"]
[BlackElo "2673"]
[TimeControl "180+1"]
[EndTime "10:58:38 PDT"]
[Termination "Airquake won by resignation"]

1. d4 Nf6 2. Nc3 e6 3. Bg5 d5 4. e4 dxe4 5. Nxe4 Nbd7 6. Nf3 Be7 7. Nxf6+ Nxf6 8. Bd3 O-O 9. Qe2 h6 10. Bh4 Nd5 11.
Bxe7 Qxe7 12. O-O-O Nf4 13. Qe4 Nxd3+ 14. Rxd3 Bd7 15.
Ne5 c6 16. f4 Be8 17. g4 Rd8 18. c3 f6 19. Nf3 Rd5 20. Re1 Ra5 21. a3 Bf7 22. f5 Qe8 23. Rde3 e5 24. dxe5 Bd5 25.
Qf4 Bxf3 26. Qxf3 fxe5 27. Qe2 Qd8 28. Rxe5 Rxe5 29. Qxe5 Qg5+ 30. Kb1 Qxg4 31. Qe6+ Kh8 32. f6 Qg6+ 33. Ka1 Qxf6 34. Qd7 Rf7 35. Re8+ Kh7 36. Qc8 Qf1+ 37. Ka2 Qc4+ 38. Kb1 Rf1+ 39. Kc2 Qa4+ 40. Kd3 Rd1+ 41. Ke3 Re1+ 42. Kf2 Rxe8 43. Qxe8 Qc2+ 44. Kg3 Qg6+ 45. Qxg6+ Kxg6 46. h4 Kf5 47. Kf3 g5 48. hxg5 hxg5 49. a4 g4+ 50. Ke3 Ke5 51. a5 Kd5 52. b3 Kc5 53. Kf4 Kb5 54. Kxg4 Kxa5 55. Kf4 Kb5 56. Ke4 a5 57. Kd4 a4 58. bxa4+ Kxa4 59. Kc5 Kb3 60. c4 Kc3 61. Kb6 Kxc4 62.
Kc7 c5 63. Kb6 Kb4 64. Kxb7 c4 65. Kc6 c3 66. Kd5 c2 67. Kd4 c1=Q 68. Kd3 Qc3+ 69. Ke4 Kc4 0-1

[Event "*** Titled Tuesday Blitz"]
[Site "Chess.com"]
[Date "2021.04.06"]
[Round "5"]
[White "crescentmoon2411"]
[Black "Supernotar"]
[Result "1-0"]
[WhiteElo "2879"]
[BlackElo "2688"]
[TimeControl "180+1"]
[EndTime "10:58:39 PDT"]
[Termination "crescentmoon2411 won by checkmate"]

1. e4 c6 2. d4 d5 3. exd5 cxd5 4. Bd3 Nc6 5. c3 Qc7 6. Ne2 Bg4 7. O-O Bh5 8. Qe1 e6 9. Nf4 Nf6 10. Nxh5 Nxh5 11. g3 Bd6 12. Nd2 Nf6 13. Nf3 g6 14.
Qe2 O-O 15. Re1 Rfe8 16. Ne5 Nd7 17. Nxd7 Qxd7 18. Qf3 a6 19. h4 Bf8 20. Bf4 b5 21. a3 Na5 22. Re2 Nc4 23. h5 a5 24.
hxg6 hxg6 25. Kg2 Bg7 26. Rh1 b4 27. Qg4 bxc3 28. bxc3 Rac8 29. Qh3 f5 30. Qh7+ Kf7 31.
Rh6 Kf8 32. Rxg6 Qf7 33. Rxg7 Qxg7 34. Bh6 Qxh6 35. Qxh6+ Kf7 36. Bxc4 dxc4 37. Rb2 Re7 38. Rb6 Rg8 39. d5 Rg6 40. Qh7+ Kf6 41. Rxe6+ Rxe6 42. dxe6 Rg7 43. Qh6+ Rg6 44. Qe3 Rg7 45. Qd4+ Kg6 46.
Qxc4 Re7 47. Qd5 Kf6 48. c4 Rxe6 49. Qxa5 f4 50. gxf4 Re4 51. Qg5+ Ke6 52. Qd5+ Kf6 53. Qxe4 Kg7 54. c5 Kh8 55. c6 Kg7 56. c7 Kf6 57.
c8=Q Kg7 58. Qg4+ Kf8 59. Qg5 Kf7 60. Qee7# 1-0

[Event "*** Titled Tuesday Blitz"]
[Site "Chess.com"]
[Date "2021.04.06"]
[Round "5"]
[White "maximych26"]
[Black "Alex_Molchanov"]
[Result "1-0"]
[WhiteElo "2272"]
[BlackElo "2493"]
[TimeControl "180+1"]
[EndTime "10:58:39 PDT"]
[Termination "maximych26 won by checkmate"]

1. e4 c5 2. Nf3 d6 3. Bb5+ Nc6 4. O-O Bd7 5. c3 Nf6 6. Re1 a6 7. Ba4 b5 8. Bc2 Bg4 9. h3 Bxf3 10. Qxf3 e5 11. a4 Be7 12. Qg3 O-O 13. d3 Rb8 14.
axb5 axb5 15. f4 Nh5 16. Qf3 Nxf4 17. Bxf4 exf4 18. Qxf4 Bf6 19. Bb3 b4 20. Bd5 Ne5 21. Qd2 Bg5 22. Qe2 Bf4 23. Rf1 Qg5 24. Ra7 Nxd3 25. Qxd3 c4 26. Qxc4 Be3+ 27. Kh1 Bxa7 28. cxb4 Be3 29. b5 Bf4 30. Rf3 Rbc8 31. Bc6 Be3 32. Nc3 Bc5 33. Nd5 Kh8 34. b4 Ba7 35. b6 Bb8 36. b5 f5 37. b7 Rcd8 38. Qf1 g6 39. exf5 Rxf5 40. Rxf5 Qxf5 41. Qxf5 gxf5 42. Kg1 Kg7 43. Kf2 Kf7 44. Kf3 Rg8 45. g3 Ke6 46. Nf4+ Ke7 47. Bd5 Rg7 48. Ne2 Bc7 49. Nd4 Kf6 50. Nc6 Rg8 51. Bxg8 d5 52. Bxd5 Kg7 53. b8=Q Bxb8 54. Nxb8 h6 55. Nc6 f4 56. b6 Kg6 57.
Kxf4 Kh5 58. b7 Kg6 59. b8=Q Kg7 60. Qc7+ Kg6 61. Qf7# 1-0

[Event "*** Titled Tuesday Blitz"]
[Site "Chess.com"]
[Date "2021.04.06"]
[Round "5"]
[White "MateusViageiro"]
[Black "VladaSviridova"]
[Result "1-0"]
[WhiteElo "2362"]
[BlackElo "2219"]
[TimeControl "180+1"]
[EndTime "10:58:41 PDT"]
[Termination "MateusViageiro won on time"]

1. e4 e6 2. Qe2 c5 3. f4 Nc6 4. Nf3 g6 5. g3 Bg7 6. Bg2 Nge7 7. e5 d6 8. exd6 Qxd6 9. Nc3 b6 10. Ne4 Qc7 11. O-O O-O 12. d3 Nf5 13. Kh1 Bb7 14.
Qf2 Nfd4 15. Rb1 Nxf3 16. Bxf3 Rad8 17. Be3 Nd4 18. Bg2 Nf5 19. Bd2 Nd6 20. Nxd6 Rxd6 21. Bc3 Bd4 22. Qe2 Rfd8 23. Rbe1 a5 24. Bxb7 Qxb7+ 25. Qe4 Qxe4+ 26. Rxe4 Bxc3 27. bxc3 h5 28. Kg2 Kg7 29.
Rf2 Rc6 30. c4 Rb8 31. a4 Rd8 32. Re1 f5 33. Rfe2 Kf6 34. Kf3 Rdd6 35. h4 Rc7 36. Ke3 Re7 37. Kd2 Rdd7 38. Kc3 Rd6 39. Re5 Rd8 40. Rb1 Rb7 41. Rxc5 bxc5 42. Rxb7 Rd6 43. Rb5 e5 44. fxe5+ Kxe5 45. Rxc5+ Kf6 46. Rxa5 Re6 47. Kd4 Re2 48. Ra6+ Kg7 49. c5 Rxc2 50. c6 Kh6 51. Kd5 Rc3 52. d4 Kg7 53. Ra7+ Kf6 54. c7 g5 55. Ra6+ Ke7 56. Rc6 1-0

[Event "*** Titled Tuesday Blitz"]
[Site "Chess.com"]
[Date "2021.04.06"]
[Round "5"]
[White "ChainsOfFantasia"]
[Black "Spencenzug"]
[Result "1/2-1/2"]
[WhiteElo "2411"]
[BlackElo "2260"]
[TimeControl "180+1"]
[EndTime "10:58:42 PDT"]
[Termination "Game drawn - insufficient material"]

1. f4 g6 2. Nf3 Bg7 3. e4 c5 4. Nc3 Nc6 5. Bb5 Nd4 6. O-O a6 7.
Bd3 d6 8. Nxd4 cxd4 9. Ne2 Nf6 10. c3 dxc3 11. bxc3 O-O 12. a4 d5 13. e5 Ne4 14.
a5 f6 15. exf6 exf6 16. Nd4 f5 17. Nf3 Re8 18. Qa4 Bd7 19. Qc2 Bc6 20. Nd4 Rc8 21.
Qa2 Kh8 22. Ba3 Qxa5 23. Bf8 Qxa2 24. Bxg7+ Kxg7 25. Rxa2 Nc5 26. Bc2 Kf6 27. Rb1 Re7 28. Ra5 Ne6 29. Nf3 Nxf4 30. Rb6 Kg7 31. Nd4 Ne6 32. Nxc6 Rxc6 33. Rxc6 bxc6 34. Rxa6 Rc7 35. Ba4 Nd8 36. Kf2 Kf7 37. Ke3 Ke7 38. Kd4 Kd6 39.
c4 Ne6+ 40. Kc3 Nc5 41. Ra8 Nxa4+ 42. Rxa4 Re7 43. Ra8 Re2 44. Rh8 Rxg2 45. Rxh7 dxc4 46. h4 f4 47. h5 gxh5 48. Rxh5 f3 49. Rf5 f2 50. Kxc4 Ke6 51. Rf8 Ke5 52. Kc5 Ke4 53.
d4 Ke3 54. Re8+ Kd2 55. Rf8 Ke2 56. Kxc6 f1=Q 57. Rxf1 Kxf1 58. d5 Ke2 59. d6 Ke3 60. d7 Rc2+ 61. Kd6 Ke4 62. Ke7 Rd2 63. Ke8 Ke5 64.
d8=Q Rxd8+ 65. Kxd8 1/2-1/2

[Event "*** Titled Tuesday Blitz"]
[Site "Chess.com"]
[Date "2021.04.06"]
[Round "5"]
[White "Grieve72"]
[Black "Nachsueb"]
[Result "1-0"]
[WhiteElo "2492"]
[BlackElo "2205"]
[TimeControl "180+1"]
[EndTime "10:58:43 PDT"]
[Termination "Grieve72 won on time"]

1. e4 c5 2. Nf3 e6 3. d4 cxd4 4. Nxd4 Nc6 5. Nc3 a6 6. Be3 Qc7 7. Qf3 d6 8. O-O-O Bd7 9. Qg3 b5 10. Kb1 Nf6 11. Bd3 g6 12. f4 b4 13. Nce2 Bg7 14.
f5 O-O 15. fxe6 fxe6 16. Rhf1 Ne5 17. Nf4 Rae8 18. Be2 Nc4 19. Bc1 e5 20. Nxg6 hxg6 21. Qxg6 exd4 22. Bh6 Be6 23. Rxd4 Ne5 24. Qg5 Kh7 25.
Bxg7 Qxg7 26. Qh4+ Qh6 27. Qxh6+ Kxh6 28. Rxd6 Nfd7 29. Rxf8 Nxf8 30. Bxa6 Nf7 31. Rb6 Kg7 32. Rxb4 Bg4 33. Bd3 Bh5 34. a4 Ne5 35. a5 Nxd3 36.
cxd3 Bf7 37. Kc2 Ra8 38. Ra4 Be8 39. Ra3 Ne6 40. b4 Nd4+ 41. Kd2 Nb5 42. Ra1 Kf6 43. Ke3 Ke5 44. h4 Bh5 45. Rf1 Nd4 46. g3 Bg4 47. Rh1 Nc2+ 48. Kd2 Nxb4 49. h5 Nc6 50. h6 Nxa5 51. Ra1 Ra7 52. Ke1 Be6 53. h7 Rxh7 54. Rxa5+ 1-0

[Event "*** Titled Tuesday Blitz"]
[Site "Chess.com"]
[Date "2021.04.06"]
[Round "5"]
[White "ChampStan"]
[Black "TooOldTooSlow70"]
[Result "0-1"]
[WhiteElo "2041"]
[BlackElo "2484"]
[TimeControl "180+1"]
[EndTime "10:58:43 PDT"]
[Termination "TooOldTooSlow70 won on time"]

1. d4 d5 2. c4 c5 3. Nf3 cxd4 4. cxd5 Qxd5 5. Nc3 Qd8 6. Qxd4 Qxd4 7. Nxd4 a6 8. Bf4 Nd7 9. Bg3 Ngf6 10. e3 e6 11. Be2 Bb4 12. O-O Bxc3 13. bxc3 Ne4 14. c4 Nxg3 15. hxg3 Ke7 16. Rab1 Rd8 17. Rfc1 Nc5 18.
Nb3 b6 19. Nd4 Rd6 20. Bf3 Bb7 21. Bxb7 Nxb7 22. Rb2 Nc5 23. Rcb1 Nd7 24. a4 a5 25. Nb5 Rc6 26. Rc1 g6 27. Nd4 Rc7 28. f4 Rac8 29. Rbc2 Nc5 30. Nb5 Rd7 31. Nd4 Nxa4 32. Rb1 Rd6 33. Kf2 Nc5 34. Kf3 f6 35. Rcb2 Nd7 36.
Nb5 Rd3 37. Ke2 Nc5 38. Nd4 e5 39. fxe5 fxe5 40. Nf3 e4 41. Nd4 Na4 42. Rxb6 Nxb6 43. Rxb6 Rxc4 44. Rb7+ Ke8 45. Rb8+ Kd7 46. Rb7+ Rc7 47.
Rb5 Ra7 48. Rd5+ Kc8 49. Rc5+ Kb7 50. Rb5+ Kc7 51. Rc5+ Kd6 52. Rc6+ Kd5 53. Rb6 Rxd4 54. exd4 Kxd4 0-1

[Event "*** Titled Tuesday Blitz"]
[Site "Chess.com"]
[Date "2021.04.06"]
[Round "5"]
[White "anon102030"]
[Black "Jospem"]
[Result "1-0"]
[WhiteElo "2743"]
[BlackElo "2905"]
[TimeControl "180+1"]
[EndTime "10:58:44 PDT"]
[Termination "anon102030 won by resignation"]

1. e4 e5 2. Nf3 Nc6 3. Bc4 Bc5 4. c3 Nf6 5. d4 exd4 6. cxd4 Bb4+ 7. Bd2 Bxd2+ 8. Nbxd2 d5 9. exd5 Nxd5 10. Qb3 Na5 11.
Qa4+ Nc6 12. Qb3 Nce7 13. O-O O-O 14. Rfe1 c6 15. Rac1 Qb6 16. Ne4 Qxb3 17. Bxb3 Rd8 18. h3 a5 19. Neg5 a4 20. Bc4 a3 21. bxa3 h6 22. Rxe7 Nxe7 23. Nxf7 Rf8 24. Nxh6+ Kh7 25. Nf7 Rxa3 26. N3e5 g6 27. Re1 Nf5 28. Re4 Rc3 29. Ng5+ Kh6 30. Ngf7+ Kg7 31. Ng5 Rc1+ 32. Kh2 Kh6 33.
Nef7+ Kg7 34. Ne5 Rd1 35. Ngf3 Rd8 36. Bb3 Nxd4 37. Bxd1 Nf5 38. Bb3 Kf6 39. Ng4+ Kg7 40. Ne3 Nd6 41. Rd4 Kf6 42. Nc4 Nf7 43. Rxd8 Nxd8 44.
g4 b5 45. Nd6 Bd7 46. Ne4+ Ke7 47. Nc5 Be8 48. Bc2 Kd6 49. Ne4+ Ke7 50. Kg3 Bf7 51. h4 Bxa2 52. Nc5 Bf7 53. Ne5 Be8 54. Bxg6 Bxg6 55. Nxg6+ Kd6 56. Ne4+ Kd5 57. f3 b4 58. Nf4+ Kd4 59. Ne2+ Kd3 60. Kf2 b3 61. Nc5+ Kc4 62. Nxb3 Kxb3 63. g5 Kc4 64. g6 Ne6 65. h5 Kd5 66. h6 Nf4 67. Nxf4+ 1-0

[Event "*** Titled Tuesday Blitz"]
[Site "Chess.com"]
[Date "2021.04.06"]
[Round "5"]
[White "Fischerev7"]
[Black "catzapto"]
[Result "0-1"]
[WhiteElo "2273"]
[BlackElo "2067"]
[TimeControl "180+1"]
[EndTime "10:58:44 PDT"]
[Termination "catzapto won on time"]

1. e4 c5 2. Nf3 e6 3. d4 cxd4 4. Nxd4 Nf6 5. Nc3 Bb4 6. Bd3 Nc6 7. Nxc6 bxc6 8. O-O d5 9. exd5 cxd5 10. Bd2 O-O 11.
Qf3 e5 12. Bg5 e4 13. Bxf6 Qxf6 14. Qxf6 gxf6 15. Nxd5 exd3 16. Nxb4 dxc2 17. Nxc2 Be6 18. b3 Rac8 19. Rac1 Rc3 20. Nd4 Rfc8 21. Rxc3 Rxc3 22. Re1 Rd3 23. Nxe6 fxe6 24. g3 Kf7 25. Re2 a5 26. Rc2 a4 27. bxa4 Ra3 28. Rc7+ Kg6 29. Ra7 Rxa2 30. a5 Kf5 31. Kg2 e5 32. a6 Ra4 33.
Ra8 Ra3 34. a7 e4 35. Kf1 Ra2 36. Ke1 Ra1+ 37. Ke2 Ra2+ 38. Ke3 Ra3+ 39. Kd4 Ra4+ 40.
Kc5 Ra1 41. Kb6 Rb1+ 42. Kc7 Rc1+ 43. Kd6 Rd1+ 44. Ke7 Ra1 45. g4+ Kf4 46. Kxf6 Kf3 47. Kg5 Ra5+ 48. Kh4 Ke2 49. h3 Ke1 50. g5 Ke2 51.
Kh5 Ke1 52. h4 Ke2 53. Kh6 e3 54. fxe3 Ke1 55. e4 Ke2 56. e5 Ke3 57. e6 Ra6 58.
Kxh7 Rxe6 0-1

[Event "*** Titled Tuesday Blitz"]
[Site "Chess.com"]
[Date "2021.04.06"]
[Round "5"]
[White "NFork"]
[Black "fastestmindalive"]
[Result "1-0"]
[WhiteElo "2177"]
[BlackElo "2762"]
[TimeControl "180+1"]
[EndTime "10:58:46 PDT"]
[Termination "NFork won by checkmate"]

1. c4 e5 2. g3 Nc6 3. Bg2 f5 4. Nc3 Nf6 5. e3 d5 6. cxd5 Nb4 7. d3 c6 8. a3 Nbxd5 9. Nge2 Bd6 10. O-O O-O 11. b3 f4 12. Nxd5 Nxd5 13. Bxd5+ cxd5 14. exf4 Bh3 15. fxe5 Bxe5 16. d4 Bxf1 17. Qxf1 Bf6 18.
Be3 Qb6 19. Qd1 Rac8 20. b4 Rc4 21. Nf4 Rd8 22. Qh5 Qd6 23. Rd1 g6 24. Qg4 Kh8 25. Ne6 Re8 26. Nc5 b6 27. Qd7 Qxd7 28. Nxd7 Bg7 29. Rd3 Kg8 30. h4 Rc7 31. Ne5 Bxe5 32. dxe5 Rxe5 33. Bf4 Re1+ 34. Kg2 Rd7 35. Be3 Kf7 36.
Bd4 Ree7 37. Rf3+ Ke8 38. Rd3 Kd8 39. Bf6 Ke8 40. Bxe7 Kxe7 41. Kf3 Ke6 42. Kf4 Rf7+ 43. Ke3 Kd6 44. f4 Re7+ 45. Kf3 Kc6 46. g4 Re1 47. f5 Rf1+ 48. Kg2 Rf4 49. Kg3 Rf1 50. fxg6 hxg6 51. h5 gxh5 52. gxh5 Rh1 53. Kg4 a5 54. Rh3 Rg1+ 55. Kf5 axb4 56. axb4 Kb5 57. h6 Rg8 58. h7 Rh8 59. Ke5 Kxb4 60. Kxd5 b5 61. Ke6 Kc4 62. Rh4+ Kc3 63. Kf6 b4 64. Kg7 Rc8 65. h8=Q Rc7+ 66.
Kf6 Kb3 67. Ke5 Rc5+ 68. Kd6 Rc3 69. Qg8+ Kb2 70. Rxb4+ Kc2 71. Qg2+ Kd1 72. Re4 Rd3+ 73. Ke5 Rd2 74. Qf1+ Kc2 75. Re2 Kc3 76. Rxd2 Kxd2 77. Qf4+ Kc3 78. Qe4 Kb3 79. Qd4 Ka2 80. Qb6 Ka3 81. Kd4 Ka2 82. Kc3 Ka3 83. Qb3# 1-0

[Event "*** Titled Tuesday Blitz"]
[Site "Chess.com"]
[Date "2021.04.06"]
[Round "5"]
[White "MaevskiyNikolay"]
[Black "kubal123"]
[Result "1/2-1/2"]
[WhiteElo "2565"]
[BlackElo "2230"]
[TimeControl "180+1"]
[EndTime "10:58:47 PDT"]
[Termination "Game drawn - insufficient material"]

1. Nf3 Nf6 2. c4 c5 3. e3 e6 4. Nc3 Nc6 5. d4 cxd4 6. exd4 d5 7. cxd5 Nxd5 8. Bd3 Bb4 9. Bd2 O-O 10. O-O Nf6 11. a3 Be7 12. Bg5 b6 13. Rc1 Bb7 14.
Bb1 Rc8 15. Qd3 g6 16. Rfe1 Re8 17. Ba2 Qd6 18. Rcd1 Red8 19. Qe2 Nh5 20. Ne4 Qb8 21. d5 exd5 22. Rxd5 Nf4 23. Rxd8+ Rxd8 24. Qc4 Ne6 25. Bxe7 Nxe7 26. Nf6+ Kg7 27. Qc3 Qc8 28. Nh5+ Kg8 29. Nf6+ Kg7 30. Ne8+ Kg8 31. Qxc8 Rxc8 32. Rxe6 Rxe8 33.
Re3 Bxf3 34. Rxf3 Rf8 35. Rd3 Nc6 36. Rd6 Rd8 37. Rxd8+ Nxd8 38. Bd5 Kg7 39. f4 Kf6 40.
Kf2 Ke7 41. Ke3 Kd6 42. Kd4 Ne6+ 43. Bxe6 Kxe6 44. g4 f6 45. h4 h6 46. b4 a6 47.
a4 Kd6 48. a5 bxa5 49. bxa5 Kc6 50. g5 fxg5 51. fxg5 hxg5 52. hxg5 Kd6 53. Ke4 Ke6 54. Kd4 Kd6 55. Kc4 Kc6 56. Kb4 Kd5 57. Kc3 Kc5 58. Kd3 Kb5 59. Ke4 Kxa5 60. Ke5 Kb4 61. Kf6 a5 62. Kxg6 a4 63. Kh7 a3 64. g6 a2 65. g7 a1=Q 66. g8=Q Qh1+ 67. Kg7 Qg1+ 68. Kh8 Qxg8+ 69. Kxg8 1/2-1/2

[Event "*** Titled Tuesday Blitz"]
[Site "Chess.com"]
[Date "2021.04.06"]
[Round "5"]
[White "chesslh19"]
[Black "Redbandit87"]
[Result "0-1"]
[WhiteElo "2246"]
[BlackElo "2403"]
[TimeControl "180+1"]
[EndTime "10:58:47 PDT"]
[Termination "Redbandit87 won by resignation"]

1. e4 e5 2. Nf3 Nc6 3. Bb5 Bc5 4. O-O Qf6 5. Nc3 Nge7 6. d3 h6 7. Be3 Bb6 8. Nd5 Nxd5 9. exd5 Ne7 10. c4 O-O 11. c5 Ba5 12. Qa4 c6 13. Qxa5 cxb5 14. d6 Ng6 15. Qxb5 b6 16. cxb6 axb6 17. Qxb6 Ra6 18.
Qb4 Re8 19. Rfe1 Rxd6 20. Qc3 Bb7 21. Nd2 Rc6 22. Qb3 Ba6 23. Rac1 Nf4 24. Bxf4 Qxf4 25. Rxc6 dxc6 26. Nf1 Qd4 27. Qc3 Qxc3 28. bxc3 Bxd3 29.
f4 e4 30. Ne3 Ra8 31. Nf5 Rxa2 32. Ne7+ Kf8 33. Nxc6 Rc2 34. Ne5 Rxc3 35. Nxd3 exd3 36. Kf2 Rc2+ 37. Kf3 g6 38. Rd1 d2 39. Ke3 Rc3+ 40.
Kxd2 Ra3 41. Ke2 Ke7 42. Kf2 Ke6 43. Re1+ Kf5 44. g3 Kg4 45. Re7 f5 46. Rg7 Ra2+ 47. Ke1 Kh5 48. Rg8 Rxh2 49. Kf1 Ra2 50. Kg1 g5 51.
fxg5 hxg5 52. Kf1 Kg4 53. Kg1 Rb2 54. Kf1 Rb3 55. Kf2 Rf3+ 56. Ke2 Rxg3 57. Kf2 Ra3 58. Ke2 Ra2+ 59. Kf1 f4 60. Ke1 Kf5 61. Kf1 g4 62.
Rf8+ Ke4 63. Rb8 f3 64. Rb4+ Kf5 65. Rb8 Kg5 66. Rg8+ Kf4 67. Rb8 Kg3 68. Ke1 Ra1+ 69. Kd2 f2 70. Rb3+ Kg2 0-1

[Event "*** Titled Tuesday Blitz"]
[Site "Chess.com"]
[Date "2021.04.06"]
[Round "5"]
[White "krzyzan94"]
[Black "Stormeman100100"]
[Result "0-1"]
[WhiteElo "2675"]
[BlackElo "2525"]
[TimeControl "180+1"]
[EndTime "10:58:48 PDT"]
[Termination "Stormeman100100 won on time"]

1. e4 c5 2. Nc3 Nc6 3. f4 g6 4.
Nf3 Bg7 5. Bb5 Nd4 6. Bc4 e6 7. O-O Ne7 8. d3 d5 9. Bb3 O-O 10. Nxd4 cxd4 11. Ne2 dxe4 12. dxe4 b6 13. Qd3 a5 14.
Bc4 Bb7 15. Bd2 Rc8 16. b3 Qd7 17. a4 Rfd8 18. Rad1 Kh8 19. Rfe1 f5 20. Ng3 fxe4 21. Nxe4 Nd5 22. Ng5 Re8 23. Qh3 h6 24. Rxe6 Rxe6 25. Qxe6 Qxe6 26. Nxe6 Ne3 27. Bxe3 dxe3 28. Nxg7 e2 29.
Bxe2 Rxc2 30. Kf1 Bxg2+ 31. Kxg2 Rxe2+ 32. Kf3 Rxh2 33. Rd7 Rh3+ 34. Ke4 Rxb3 35. Ne8 Kg8 36. Nf6+ Kf8 37. Ke5 Re3+ 38. Ne4 Ke8 39. Rh7 h5 40.
Rb7 Rb3 41. Ke6 Kd8 42. Rd7+ Kc8 43. Nd6+ Kb8 44. Rb7+ Ka8 45. Kd7 h4 46. Rc7 h3 47.
Rc8+ Ka7 48. Nb5+ Kb7 49. Rc7+ Kb8 50. Rc8+ Kb7 51. Rh8 Rb4 52. Nd6+ Ka7 53. Kc6 Rb1 54. Nb5+ Rxb5 55. Ra8+ Kxa8 56. axb5 h2 57. Kxb6 h1=Q 58. f5 gxf5 59. Kc7 f4 60. b6 Qb7+ 61. Kd8 Qxb6+ 62.
Kd7 Qb7+ 0-1

[Event "*** Titled Tuesday Blitz"]
[Site "Chess.com"]
[Date "2021.04.06"]
[Round "5"]
[White "Abund"]
[Black "MITerryble"]
[Result "0-1"]
[WhiteElo "2744"]
[BlackElo "2909"]
[TimeControl "180+1"]
[EndTime "10:58:52 PDT"]
[Termination "MITerryble won by resignation"]

1. e4 e6 2. d4 d5 3. Nd2 Be7 4. Ngf3 Nf6 5. e5 Nfd7 6. Bd3 c5 7. c3 Nc6 8. O-O a5 9. Re1 cxd4 10. cxd4 Qb6 11.
Qa4 Qb4 12. Bb5 Qxa4 13. Bxa4 Nb6 14. Bb5 Bd7 15. a3 Nxe5 16. Be2 Ng6 17. Nb3 O-O 18. Bd2 Na4 19. Nxa5 b6 20. b3 bxa5 21. bxa4 Bxa4 22. Rec1 Rfb8 23. Kf1 Rb2 24. Bc3 Rb7 25. g3 Bd6 26. Ke1 f6 27. Bd3 Ne7 28. Kd2 Kf7 29. Rcb1 Rc7 30.
Rc1 h6 31. h4 Nc8 32. Rcb1 Be7 33. Rc1 Nb6 34. Ke2 Nc4 35. Nd2 Nd6 36. Bb2 Rb7 37.
Bc3 Bd7 38. Rcb1 Rc7 39. Rc1 Rac8 40. Bb2 a4 41. Rxc7 Rxc7 42. Rc1 Rb7 43. Rc2 Bb5 44. Bc1 Nf5 45. Nf3 Bxd3+ 46. Kxd3 Nd6 47. Nd2 Ke8 48. Rc6 Ra7 49. Rb6 Kd7 50. Bb2 Kc7 51. Rb4 Kc6 52. Bc1 Nb5 53. Rb1 Nxa3 54. Bxa3 Bxa3 55.
Nf1 Bd6 56. Kc3 a3 57. Ra1 e5 58. Ne3 exd4+ 59. Kb3 dxe3 60. Rxa3 Rxa3+ 0-1

[Event "*** Titled Tuesday Blitz"]
[Site "Chess.com"]
[Date "2021.04.06"]
[Round "5"]
[White "GM_Crest"]
[Black "erdni1993"]
[Result "1-0"]
[WhiteElo "2701"]
[BlackElo "2497"]
[TimeControl "180+1"]
[EndTime "10:58:53 PDT"]
[Termination "GM_Crest won by resignation"]

1. d4 Nf6 2. c4 e6 3. Nc3 c5 4.
d5 exd5 5. cxd5 Bd6 6. g3 O-O 7.
Bg2 Re8 8. Nh3 h6 9. O-O a6 10. a4 Bc7 11. d6 Ba5 12. f4 Nc6 13. Nf2 Nh7 14. e4 Rb8 15. e5 b5 16. axb5 axb5 17. Nce4 Bb6 18. Be3 c4 19. Bxb6 Qxb6 20. Kh1 Bb7 21.
Qg4 Qd8 22. Nc5 Bc8 23. Nfe4 Kh8 24. h4 Nd4 25. Rfd1 Nc2 26. h5 Ne3 27. Qe2 Nxd1 28. Rxd1 f6 29. e6 dxe6 30. d7 Re7 31. dxc8=Q Qxc8 32. Qe3 Nf8 33. g4 e5 34. f5 Qc7 35.
Qd2 Ree8 36. Qd6 Qxd6 37. Nxd6 Re7 38. Bc6 b4 39. Nxc4 Rc7 40. Rd6 Rbc8 41. Na5 Ra7 42.
Nab3 Nh7 43. Kg2 Ng5 44. Ba4 Rac7 45. Rd5 Nf7 46. Kf2 Ng5 47. Ke3 Kh7 48. Nd3 Rc2 49. Rd7 R2c7 50. Rxc7 Rxc7 51. Nxb4 Rc4 52. Nd2 Rxb4 53.
b3 Nf7 54. Nc4 Nd8 55. Kd3 Rb7 56. Kc3 Rc7 57. b4 Nb7 58. Kb3 e4 59. Be8 Rxc4 60.
Kxc4 Nd6+ 61. Kd4 Nxe8 62. Kxe4 Kg8 63. Kd5 Kf7 64. Kc6 Ke7 65. b5 Nd6 66. b6 Nc8 67. b7 Na7+ 68. Kb6 1-0